 Dungeon Crawl Stone Soup version 0.26.1-2-gb8aa6d0cf2 (webtiles) character file.

Game seed: 7020438843816355077

1077 hawla the Conjurer (level 8, -1/41 HPs)
             Began as a Deep Elf Conjurer on Feb 12, 2021.
             Slain by a scorpion (6 damage)
             ... on level 5 of the Dungeon.
             The game lasted 00:14:42 (6382 turns).

hawla the Conjurer (Deep Elf Conjurer)              Turns: 6382, Time: 00:14:43

Health: -1/41      AC:  3    Str:  4      XL:     8   Next: 8%
Magic:  0/19       EV: 13    Int: 26      God:
Gold:   200        SH:  0    Dex: 12 (13) Spells: 13/20 levels left

rFire    + . .     SeeInvis .   (no weapon)
rCold    + . .     Faith    .   (no shield)
rNeg     + . .     Spirit   .   a - +0 robe
rPois    +         Reflect  .   (no helmet)
rElec    +         Harm     .   c - +0 cloak
rCorr    +         Rampage  .   (no gloves)
Will     .....                  (no boots)
Stlth    ++........             (no amulet)
HPRegen  0.13/turn              b - ring of positive energy
MPRegen  0.16/turn              (no ring)

@: resistant
A: no striking features
a: no special abilities


You were on level 5 of the Dungeon.
You visited 1 branch of the dungeon, and saw 5 of its levels.

You collected 200 gold pieces.

Inventory:

Missiles
 e - 8 boomerangs (quivered)
 k - 5 javelins
Armour
 a - a +0 robe (worn)
 c - a +0 cloak (worn)
Jewellery
 b - a ring of positive energy (left hand)
Wands
 j - a wand of digging (7)
 m - a wand of enslavement (6)
Scrolls
 d - a scroll of remove curse
 l - a scroll of teleportation
 n - a scroll of fear {unknown}
 q - 2 scrolls of blinking {unknown}
 s - a scroll of amnesia {unknown}
Potions
 f - a potion of curing
 g - a potion of berserk rage
 h - a potion of flight
 i - 2 potions of ambrosia
 p - a potion of attraction {unknown}
 r - a potion of haste {unknown}


   Skills:
 - Level 0.1 Fighting
 - Level 0.1 Staves
 - Level 0.1 Throwing
 - Level 3.0 Dodging
 - Level 3.0 Stealth
 - Level 0.1 Shields
 + Level 6.5 Spellcasting
 + Level 6.6 Conjurations
 - Level 5.2 Translocations
 + Level 4.5 Fire Magic
 - Level 0.1 Evocations


You had 13 spell levels left.
You knew the following spells:

 Your Spells              Type           Power        Failure   Level
a - Magic Dart            Conj           100%         1%          1
b - Searing Ray           Conj           84%          1%          2
c - Iskenderun's Mystic   Conj/Tloc      39%          6%          4

Your spell library contained the following spells:

 Spells                   Type           Power        Failure   Level
 Dazzling Flash           Conj/Hex       50%          4%          3
 Fulminant Prism          Conj/Hex       12%          17%         4


Dungeon Overview and Level Annotations

Branches:
Dungeon (5/15)
 Temple: D:4-7

Altars:
Hepliaklqana
Wu Jian

Annotations:
D:4 3 runed translucent doors, kreisler's ghost, novice OpBr


Message History

You feel better. The killer bee closely misses you.
The scorpion closely misses you. The killer bee stings you!
* * * LOW HITPOINT WARNING * * *
Casting: Searing Ray (safe; 1% risk of failure)
Confirm with . or Enter, or press ? or * to list all spells.
You don't have enough magic to cast that spell.
Casting: Searing Ray (safe; 1% risk of failure)
Confirm with . or Enter, or press ? or * to list all spells.
Aiming: Searing Ray (safe; 1% risk of failure)
Press: ? - help, Shift-Dir - straight line, f - killer bee
Aim: a killer bee (37% to evade)
The searing ray hits the killer bee!
The killer bee is severely wounded. (Press . to maintain the ray.)
The killer bee closely misses you. The scorpion closely misses you.
The killer bee misses you.
The searing ray hits the killer bee!
You kill the killer bee!
The scorpion stings you.
You die...

# #... # #... # # ######## ###..#
.# # #......# ....##.. #
#......######## .†.†. . #
#.............#####†.# .. #
#.................#'######.. #
#.................#..#....# #
#..........@†.....#s.#....# #
#...........s.....#'##....# #
#......###'###............# #
#......#)....#............# +
#......#.....#......(.....##
######......#...<.#........##'##.
............'.....#....##+##..#..
............#.....#....'..#...'..
............#.....#....#..######.


You could see a scorpion.

Vanquished Creatures
  Edmund (D:4)
  A sky beast (D:5)
  An ogre (D:4)
  2 scorpions (D:4)
  6 killer bees (D:5)
  2 orc wizards (D:3)
  A bullfrog skeleton (D:4)
  2 hounds
  2 iguanas
  4 gnolls
  11 adders
  3 white imps (D:5)
  An adder skeleton (D:4)
  An adder zombie (D:5)
  4 worms
  A dart slug (D:1)
  3 leopard geckos
  7 orcs (D:3)
  8 giant cockroaches
  6 goblins
  5 hobgoblins
  7 jackals
  4 kobolds
  A quokka (D:3)
  11 bats
  9 frilled lizards
  A leopard gecko skeleton (D:5)
  9 rats
114 creatures vanquished.

Notes
Turn   | Place    | Note
-------+----------+-------------------------------------------
     0 | D:1      | hawla the Deep Elf Conjurer began the quest for the Orb.
     0 | D:1      | Reached XP level 1. HP: 10/10 MP: 6/6
   113 | D:1      | Reached XP level 2. HP: 15/15 MP: 2/8
   462 | D:1      | Learned a level 2 spell: Searing Ray
   595 | D:1      | Reached XP level 3. HP: 19/19 MP: 7/9
   959 | D:1      | Reached skill level 1 in Fire Magic
  1607 | D:2      | You fall into a shaft and drop 1 floor!
  1612 | D:3      | Reached XP level 4. HP: 24/24 MP: 7/11
  1617 | D:3      | Learned a level 4 spell: Iskenderun's Mystic Blast
  1673 | D:3      | Reached skill level 1 in Translocations
  1740 | D:3      | Reached skill level 5 in Conjurations
  2069 | D:2      | Reached XP level 5. HP: 28/28 MP: 9/13
  4028 | D:4      | Reached XP level 6. HP: 23/32 MP: 5/15
  4489 | D:4      | Reached skill level 5 in Spellcasting
  4521 | D:4      | Noticed Edmund
  4704 | D:4      | Found a hazy altar of Hepliaklqana.
  4704 | D:4      | Found an ornate altar of the Wu Jian Council.
  4708 | D:5      | Entered Level 5 of the Dungeon
  4919 | D:4      | Killed Edmund
  4920 | D:4      | Reached XP level 7. HP: 31/36 MP: 11/17
  5347 | D:4      | Found a runed translucent gate.
  5347 | D:4      | Found a runed translucent gate.
  5347 | D:4      | Found a runed translucent gate.
  5350 | D:4      | Noticed kreisler's ghost (novice OpBr)
  6069 | D:5      | Reached skill level 5 in Translocations
  6364 | D:5      | Reached XP level 8. HP: 32/41 MP: 2/19
  6377 | D:5      | HP: 1/41 [killer bee (4)]
  6382 | D:5      | Slain by a scorpion

Illustrated notes

Levels and vault maps discovered:
D:1:      dpeg_arrival_boxes_within_box, layout_basic
D:2:      layout_loops_cross
D:3:      layout_basic
D:4:      layout_basic, chequers_temple_overflow_statue_of_worship,
          gammafunk_ghost_necromancy, serial_glass, glass_columns_c,
          glass_columns_a, uniq_edmund
D:5:      layout_gridville

Skill      XL: |  1  2  3  4  5  6  7 |
---------------+----------------------+-----
Dodging        | 3 |  3.0
Stealth        | 3 |  3.0
Fire Magic     | 1 2 3 4 |  4.5
Spellcasting   | 4 5 6 |  6.5
Translocations | 1 2 4 5 |  5.2
Conjurations   | 5 6 |  6.6
Fighting       | |  0.1
Staves         | |  0.1
Throwing       | |  0.1
Shields        | |  0.1
Evocations     | |  0.1

Action                   |  1- 3 |  4- 6 |  7- 9 || total
-------------------------+-------+-------+-------++-------
Melee: Unarmed           |     9 |     5 |       ||    14
 Cast: Magic Dart        |    44 |    31 |     8 ||    83
       Searing Ray       |     9 |    49 |    15 ||    73
       Iskenderun's Myst |       |     5 |     4 ||     9
  Use: Scroll            |       |     8 |     1 ||     9
       Potion            |       |     4 |     4 ||     8
Armor: Robe              |     7 |     3 |     3 ||    13
Dodge: Dodged            |    18 |    25 |    24 ||    67
